 Dungeon Crawl Stone Soup version 0.30.0-20-g3615ddf2f0 (webtiles) character file.

Game seed: 4978790069130728427

753 qw the Chopper (level 7, -1/48 HPs)
             Began as a Gargoyle Fighter on May 28, 2023.
             Slain by an ogre
             ... wielding a +0 giant spiked club
              (16 damage)
             ... on level 5 of the Dungeon.
             The game lasted 00:01:55 (2788 turns).

qw the Chopper (Gargoyle Fighter)                   Turns: 2788, Time: 00:01:56

Health: -1/48      AC: 19    Str: 21    XL:     7   Next: 79%
Magic:  7/7        EV:  6    Int:  7    God:
Gold:   264        SH:  4    Dex:  9    Spells: 6/6 levels left

rFire   . . .        Y - +0 war axe
rCold   + . .        c - +0 buckler
rNeg    + . .        j - +0 plate armour
rPois   inf          a - +0 helmet
rElec   +            (no cloak)
rCorr   +            (no gloves)
SInv    +            h - +0 pair of boots
Will    .....        (no amulet) Stlth
                     b - ring of resist corrosion
HPRegen 1.08/turn    q - ring of see invisible
MPRegen 0.10/turn

%: no passive effects
@: no status effects
A: sickness immunity, AC +4, negative energy resistance 1, electricity
resistance, torment resistance 1, petrification resistance, cold resistance 1,
dopey 1, regeneration 1, robust 1
a: no special abilities


You were on level 5 of the Dungeon.
You visited 1 branch of the dungeon, and saw 5 of its levels.

You collected 264 gold pieces.


Innate Abilities, Weirdness & Mutations

You are immune to sickness and miasma.
Your stone body is resilient. (AC +4)
You are immune to poison.
You resist negative energy. (rN+)
You are resistant to electric shocks. (rElec)
You are resistant to unholy torment.
You are immune to petrification.
Your flesh is cold resistant. (rC+)
You are dopey. (Int -2)
Your natural rate of healing is unusually fast.
You are robust. (+10% HP)


   Skills:
 + Level 4.3 Fighting
 - Level 7.0 Axes
 - Level 4.6 Armour
 - Level 3.2 Shields


You had 6 spell levels left.
You didn't know any spells.
Your spell library was empty.

Inventory:

Hand Weapons
 f - a +0 flail
 Y - a +0 war axe (weapon)
Missiles
 g - a boomerang (quivered)
Armour
 a - a +0 helmet (worn)
 c - a +0 buckler (worn)
 h - a +0 pair of boots (worn)
 j - a +0 plate armour (worn)
Jewellery
 b - a ring of resist corrosion (left hand)
 q - a ring of see invisible (right hand)
Scrolls
 n - 2 scrolls of identify
 o - a scroll of teleportation
Potions
 d - a potion of might
 e - a potion of curing
 k - a potion of haste
 l - a potion of mutation
 p - a potion of attraction

Dungeon Overview and Level Annotations

Branches:
Dungeon (5/15)
 Temple: D:4-7

Altars:
Hepliaklqana
Xom
Zin

Annotations:
D:2 1 runed translucent door, Crazy Yiuf


Message History

You climb downwards.
There is a stone staircase leading up here.
Waypoint 4 assigned to D:5.
You feel less attractive to monsters.
Found 7 stones.
An adder comes into view.
Found 7 gold pieces.
The adder hisses angrily.
An adder and an ogre come into view.
2776 ||| Stepping ~*~*~tactically~*~*~ (stealth).
The ogre moves out of view.
The adder bites you but does no damage.
You barely miss the adder.
The ogre shouts!
The adder bites you but does no damage.
You slash the adder!
The adder is almost dead.
The adder bites you but does no damage. You block the adder's attack.
You hit the adder.
You kill the adder!
You closely miss the ogre.
The ogre hits you with a +0 giant spiked club!
You slash the ogre!
The ogre is moderately wounded.
The ogre hits you with a +0 giant spiked club!!
You barely miss the ogre.
The ogre is moderately wounded.
The ogre hits you but does no damage.
You hit the ogre but do no damage.
The ogre is moderately wounded.
You barely miss the ogre.
The ogre is moderately wounded.
The ogre hits you with a +0 giant spiked club!
You barely miss the ogre.
The ogre is moderately wounded.
The ogre barely misses you.
You slash the ogre!
The ogre is heavily wounded.
The ogre hits you with a +0 giant spiked club!
You die...

####...#########
+........(......
##.#...#.######
#.##..#.# #
##.#.# #...#
##..#
#.####..######
#....@........
######O¤¤¤~~~~
#¤¤......
#.¤.##### #¤¤.#
#.~.# $¤~..
O.~.##


You could see an ogre.

Vanquished Creatures
  Grinder (D:3)
  Duvessa (D:4)
  A phantom (D:4)
  2 scorpions (D:4)
  Dowan (D:4)
  2 iguanas (D:4)
  Robin (D:1)
  6 adders
  3 dart slugs
  5 orcs (D:3)
  3 bats
  7 endoplasms
  3 giant cockroaches
  15 goblins
  10 hobgoblins
  4 jackals (D:1)
  2 kobolds
  A quokka (D:2)
  9 ball pythons
  6 frilled lizards
  5 rats
88 creatures vanquished.

Vanquished Creatures (others)
  An orc (D:4)
1 creature vanquished.

Grand Total: 89 creatures vanquished

Notes
Turn   | Place    | Note
-------+----------+-------------------------------------------
     0 | D:1      | qw the Gargoyle Fighter began the quest for the Orb.
     0 | D:1      | Reached XP level 1. HP: 14/14 MP: 1/1
     0 | D:1      | 0 ||| qw: Version: 0.2-a-101-gf8a7cd0
     0 | D:1      | 0 ||| qw: Game counter: 260
     0 | D:1      | 0 ||| qw: Always use a shield: true
     0 | D:1      | 0 ||| qw: God list: Okawaru
     0 | D:1      | 0 ||| qw: Allow faded altars: false
     0 | D:1      | 0 ||| qw: Do Orc after D:15 true
     0 | D:1      | 0 ||| qw: Do second Lair branch before Depths: true
     0 | D:1      | 0 ||| qw: Lair rune preference: random
     0 | D:1      | 0 ||| qw: Plans: Normal, Zot:1-4, Slime:5, God:TSO, Crypt,
                  | Tomb, Pan, Hells, Abyss, Win
     0 | D:1      | 0 ||| PLANNING D:1-11
   117 | D:1      | Reached skill level 2 in Axes
   238 | D:1      | Reached XP level 2. HP: 19/19 MP: 2/2
   261 | D:1      | 261 ||| Stepping ~*~*~tactically~*~*~ (stealth).
   264 | D:1      | 264 ||| Stepping ~*~*~tactically~*~*~ (hiding).
   483 | D:1      | 483 ||| Stepping ~*~*~tactically~*~*~ (stealth).
   493 | D:1      | 493 ||| Stepping ~*~*~tactically~*~*~ (stealth).
   526 | D:1      | Reached skill level 3 in Axes
   639 | D:1      | Reached XP level 3. HP: 22/23 MP: 3/3
   725 | D:1      | 725 ||| Stepping ~*~*~tactically~*~*~ (stealth).
   740 | D:1      | 740 ||| UPGRADING to +0 pair of boots.
   745 | D:1      | 745 ||| UPGRADING to +1 ring mail of fire resistance.
   755 | D:1      | 755 ||| DROPPING +0 scale mail.
   756 | D:1      | 756 ||| UPGRADING to +0 plate armour.
   766 | D:1      | 766 ||| DROPPING +1 ring mail of fire resistance.
   767 | D:1      | 767 ||| READING scroll labelled FESUOL QUACRI.
   768 | D:1      | 768 ||| READING scroll labelled MEID NOPSIMASCH.
   771 | D:1      | 771 ||| DRINKING 2 black potions.
   792 | D:2      | Noticed Robin
   804 | D:2      | 804 ||| STAIRDANCE
   809 | D:1      | Killed Robin
   881 | D:1      | 881 ||| UPGRADING to +0 helmet.
   886 | D:1      | 886 ||| DRINKING 2 puce potions.
   886 | D:1      | Gained mutation: You are dopey. (Int -2) [potion of
                  | mutation]
   886 | D:1      | Gained mutation: You are occasionally teleported next to
                  | monsters. [potion of mutation]
   886 | D:1      | Gained mutation: Your flesh is cold resistant. (rC+)
                  | [potion of mutation]
   887 | D:1      | 887 ||| DRINKING potion of mutation.
   887 | D:1      | Lost mutation: Your flesh is cold resistant. (rC+) [potion
                  | of mutation]
   887 | D:1      | Lost mutation: You are occasionally teleported next to
                  | monsters. [potion of mutation]
   887 | D:1      | Gained mutation: Your natural rate of healing is unusually
                  | fast. [potion of mutation]
   887 | D:1      | Gained mutation: You are robust. (+10% HP) [potion of
                  | mutation]
   887 | D:1      | Gained mutation: Your flesh is cold resistant. (rC+)
                  | [potion of mutation]
   892 | D:2      | 892 ||| STAIRDANCE
   907 | D:2      | 907 ||| STAIRDANCE
   914 | D:2      | 914 ||| Stepping ~*~*~tactically~*~*~ (stealth).
   955 | D:2      | 955 ||| Stepping ~*~*~tactically~*~*~ (stealth).
   963 | D:2      | 963 ||| Stepping ~*~*~tactically~*~*~ (stealth).
   972 | D:2      | 972 ||| FLEEEEING.
   974 | D:2      | 974 ||| Stepping ~*~*~tactically~*~*~ (stealth).
   978 | D:2      | 978 ||| Stepping ~*~*~tactically~*~*~ (hiding).
   981 | D:2      | 981 ||| Stepping ~*~*~tactically~*~*~ (hiding).
   989 | D:2      | Reached XP level 4. HP: 30/30 MP: 4/4
   994 | D:2      | Reached skill level 4 in Axes
  1028 | D:2      | 1028 ||| Stepping ~*~*~tactically~*~*~ (stealth).
  1301 | D:2      | Found a runed translucent door.
  1302 | D:2      | Noticed Crazy Yiuf
  1573 | D:2      | 1573 ||| UPGRADING to ring of resist corrosion.
  1574 | D:2      | 1574 ||| READING scroll labelled KAB KYLIXTUA.
  1575 | D:2      | 1575 ||| READING scroll labelled QISEMO CEYNLUU.
  1576 | D:2      | 1576 ||| DRINKING 2 ruby potions.
  1692 | D:3      | Found a hazy altar of Hepliaklqana.
  1728 | D:3      | 1728 ||| Stepping ~*~*~tactically~*~*~ (hiding).
  1729 | D:3      | 1729 ||| Stepping ~*~*~tactically~*~*~ (hiding).
  1731 | D:3      | 1731 ||| Stepping ~*~*~tactically~*~*~ (hiding).
  1805 | D:3      | Reached XP level 5. HP: 35/35 MP: 5/5
  1836 | D:3      | 1836 ||| DROPPING +0 club.
  1837 | D:3      | 1837 ||| DROPPING +0 mace.
  1892 | D:3      | Noticed Grinder
  1893 | D:3      | Paralysed by Grinder for 4 turns
  1925 | D:3      | Paralysed by Grinder for 3 turns
  1932 | D:3      | 1932 ||| Stepping ~*~*~tactically~*~*~ (hiding).
  1933 | D:3      | 1933 ||| Stepping ~*~*~tactically~*~*~ (hiding).
  1939 | D:3      | Killed Grinder
  1940 | D:3      | Reached skill level 6 in Axes
  1940 | D:3      | Reached XP level 6. HP: 29/40 MP: 6/6
  2206 | D:3      | 2206 ||| UPGRADING to ring of see invisible.
  2207 | D:3      | 2207 ||| READING scroll labelled NUDOIN NATE.
  2208 | D:3      | 2208 ||| READING 3 scrolls of identify.
  2208 | D:3      | 2208 ||| IDENTIFYING golden potion
  2209 | D:3      | 2209 ||| READING 2 scrolls of identify.
  2209 | D:3      | 2209 ||| IDENTIFYING lumpy black potion
  2210 | D:3      | 2210 ||| DROPPING potion of magic.
  2211 | D:3      | 2211 ||| DROPPING potion of brilliance.
  2274 | D:4      | 2274 ||| DROPPING +1 whip of flaming.
  2300 | D:4      | Found a shimmering altar of Xom.
  2300 | D:4      | Found a glowing silver altar of Zin.
  2300 | D:4      | Noticed an angel
  2394 | D:4      | Noticed Duvessa
  2394 | D:4      | Noticed Dowan
  2404 | D:4      | Reached XP level 7. HP: 26/47 MP: 7/7
  2411 | D:4      | Killed Duvessa
  2422 | D:4      | 2422 ||| Stepping ~*~*~tactically~*~*~ (hiding).
  2427 | D:4      | 2427 ||| Stepping ~*~*~tactically~*~*~ (hiding).
  2431 | D:4      | 2431 ||| Stepping ~*~*~tactically~*~*~ (hiding).
  2432 | D:4      | 2432 ||| Stepping ~*~*~tactically~*~*~ (hiding).
  2434 | D:4      | Killed Dowan
  2535 | D:4      | Reached skill level 7 in Axes
  2731 | D:4      | 2731 ||| DRINKING 2 fizzy clear potions.
  2746 | D:5      | Entered Level 5 of the Dungeon
  2776 | D:5      | 2776 ||| Stepping ~*~*~tactically~*~*~ (stealth).
  2788 | D:5      | Slain by an ogre

Levels and vault maps discovered:
D:1:      mushboom_english_gardens, layout_loops_ring
D:2:      layout_loops_ring, minmay_pentomino_w2, uniq_robin,
          uniq_crazy_yiuf_cottage
D:3:      layout_basic, worldfamousw_hep_ancestral_shrine, uniq_grinder
D:4:      layout_cave_pools, grunt_temple_overflow_order_and_chaos_1,
          uniq_duvessa
D:5:      layout_loops_corners, mainiacjoe_overflow_brackets,
          nzn_wu_jian_council_hall, serial_shops, shop

Skill      XL: |  1  2  3  4  5  6  7 |
---------------+----------------------+-----
Axes           | 2 3 4 6 7 |  7.0
Fighting       | 4 |  4.3
Armour         | 4 |  4.6
Shields        | |  3.2

Action                     |  1- 3 |  4- 6 |  7- 9 || total
---------------------------+-------+-------+-------++-------
  Melee: War axe           |    90 |   173 |    52 ||   315
  Throw: Boomerang         |       |     8 |     4 ||    12
    Use: Potion            |     3 |     1 |     1 ||     5
         Scroll            |     2 |     5 |       ||     7
 Armour: Scale mail        |    20 |       |       ||    20
         Plate armour      |    36 |   137 |    29 ||   202
  Dodge: Dodged            |    40 |    39 |    17 ||    96
  Block: Buckler           |    19 |    29 |     8 ||    56

Table legend:
 A = Non-vault XP
 B = Vault XP
 C = Vault XP percentage of total XP
 D = Non-vault monster count
 E = Vault monster count
 F = Vault count percentage of total count
                 A         B        C        D         E       F
            +---------+---------+-------+---------+---------+-------
      Total |     551 |     526 |  48.8 |      75 |      13 |  14.8
            +---------+---------+-------+---------+---------+-------
        D:1 |      38 |      23 |  37.7 |      21 |       5 |  19.2
        D:2 |      69 |      11 |  13.8 |      25 |       5 |  16.7
        D:3 |      56 |     281 |  83.4 |      17 |       1 |   5.6
        D:4 |     375 |     211 |  36.0 |      11 |       2 |  15.4
        D:5 |      13 |       0 |   0.0 |       1 |       0 |   0.0
            +---------+---------+-------+---------+---------+-------
